 Dungeon Crawl Stone Soup version 0.30.1-3-gfc49f6343a (webtiles) character file.

Game seed: 9034850464095664444

329 javelincjr the Trooper (level 6, 0/49 HPs)
             Began as a Demonspawn Fighter on July 21, 2023.
             Slain by an orc
             ... wielding a +0 trident
              (5 damage)
             ... on level 5 of the Dungeon on July 24, 2023.
             The game lasted 00:11:14 (3904 turns).

javelincjr the Trooper (Demonspawn Fighter)         Turns: 3904, Time: 00:11:14

Health: 0/49       AC: 14    Str: 18    XL:     6   Next: 25%
Magic:  6/6        EV:  6    Int: 16    God:
Gold:   220        SH:  8    Dex: 12    Spells: 5/5 levels left

rFire   . . .        a - +0 war axe
rCold   . . .        j - +0 kite shield
rNeg    . . .        G - +0 chain mail
rPois   .            F - +1 hat
rElec   .            A - +0 cloak
rCorr   .            m - +0 pair of gloves
SInv    .            (no boots)
Will    .....        (no amulet) Stlth
                     t - +6 ring of intelligence
HPRegen 0.28/turn    (no ring)
MPRegen 0.10/turn

%: no passive effects
@: no status effects
A: claws 1, yellow scales 1, spiny 1
a: no special abilities


You were on level 5 of the Dungeon.
You visited 2 branches of the dungeon, and saw 6 of its levels.

You collected 308 gold pieces.
You spent 88 gold pieces at shops.

Inventory:

Hand Weapons
 a - a +0 war axe (weapon)
 y - a +1 dagger of electrocution
Missiles
 p - 14 poisoned darts (quivered)
 s - 3 boomerangs of dispersal
 E - 2 atropa-tipped darts
Armour
 b - a +0 scale mail
 c - a +0 buckler
 j - a +0 kite shield (worn)
 m - a +0 pair of gloves (worn)
 A - a +0 cloak (worn)
 F - a +1 hat (worn)
 G - a +0 chain mail (worn)
Jewellery
 t - a +6 ring of intelligence (left hand)
Wands
 B - a wand of iceblast (17)
 H - a wand of digging (4)
Scrolls
 f - 4 scrolls of teleportation {unknown}
 g - a scroll of blinking {unknown}
 k - 6 scrolls of identify {unknown}
 o - 3 scrolls of enchant armour {unknown}
 q - a scroll of immolation {unknown}
 r - a scroll of vulnerability {unknown}
 w - a scroll of fog {unknown}
 x - a scroll of magic mapping {unknown}
 C - a scroll of poison {unknown}
 D - a scroll of torment {unknown}
Potions
 d - 3 potions of might
 e - a potion of attraction {unknown}
 h - 4 potions of curing
 i - 2 potions of heal wounds
 l - a potion of lignification {unknown}
 n - a potion of invisibility {unknown}
 u - 2 potions of flight {unknown}
 v - a potion of haste {unknown}
 z - a potion of degeneration {unknown}


   Skills:
 * Level 4.4 Fighting
 - Level 1.1 Short Blades
 + Level 2.8 Axes
 + Level 0.1 Throwing
 * Level 4.0 Armour
 + Level 1.5 Dodging
 + Level 3.4 Shields


You had 5 spell levels left.
You didn't know any spells.
Your spell library contained the following spells:

 Spells                   Type           Power      Damage    Failure   Level
 Blink                    Tloc           0%         N/A       100%        2
 Lesser Beckoning         Tloc           0%         N/A       100%        2
 Momentum Strike          Conj/Tloc      0%         3d8       100%        2
 Summon Guardian Golem    Hex/Summ       0%         N/A       100%        3
 Orb of Destruction       Conj           0%         9d5       100%        7
 Spellforged Servitor     Conj/Summ      0%         N/A       100%        7


Dungeon Overview and Level Annotations

Branches:
Dungeon (5/15)             Temple (1/1) D:4

Altars:
Ashenzari
Cheibriados
Dithmenos
Fedhas
Gozag
Kikubaaqudgha
Nemelex Xobeh
Qazlal
Ru
Sif Muna
Uskayaw
Vehumet
Wu Jian
Xom
Yredelemnul

Shops:
D:2 !


Innate Abilities, Weirdness & Mutations

You have sharp fingernails.
You are partially covered in yellow scales. (AC +2)
You are partially covered in sharp spines.


Message History

Aim: an orc warrior, wielding a +0 long sword and wearing a +0 plate armour (59% to hit)
You throw a poisoned dart. The poisoned dart hits the orc warrior.
The orc warrior is poisoned.
The orc hits you but does no damage.
You completely miss the orc warrior. You slash the orc!
You kill the orc!
The orc warrior hits you with a +0 long sword!
The orc hits you from afar with a +0 trident!
The orc hits you from afar with a +0 trident.
You block the orc warrior's attack.
You hit the orc warrior.
The orc warrior is moderately wounded.
The orc closely misses you. You block the orc warrior's attack.
You slash the orc warrior!
The orc warrior is severely wounded.
The orc warrior looks more healthy.
The orc warrior hits you with a +0 long sword.
The orc hits you but does no damage.
The orc warrior hits you with a +0 long sword.
The orc barely misses you.
You barely miss the orc warrior.
The orc warrior is almost dead.
The orc warrior hits you with a +0 long sword.
* * * LOW HITPOINT WARNING * * *
The orc completely misses you.
You barely miss the orc warrior.
The orc warrior is almost dead.
The orc warrior hits you with a +0 long sword.
* * * LOW HITPOINT WARNING * * *
The orc hits you from afar with a +0 trident.
* * * LOW HITPOINT WARNING * * *
The orc hits you but does no damage.
The orc warrior hits you with a +0 long sword.
* * * LOW HITPOINT WARNING * * *
You hit the orc warrior.
The orc warrior is almost dead.
The orc warrior hits you with a +0 long sword.
* * * LOW HITPOINT WARNING * * *
The orc hits you from afar with a +0 trident.
You die...

###### ..... #...
.###..o###
..[....)o#
########@######.#
#.# #........#
#.# #..#######
#.# #..# #.# #..#
.# ..# ####..#
#.# #.# #.....#
#.# #.# #.###.#
#.# #<## #.# #.#
#.###


You could see an orc warrior and an orc.

Vanquished Creatures
  A dream sheep (D:4)
  2 scorpions (D:4)
  An orc priest (D:4)
  An orc wizard (D:4)
  An iguana (D:5)
  3 adders
  4 worms
  2 dart slugs
  5 orcs
  3 endoplasms
  6 goblins
  7 hobgoblins
  3 jackals
  10 kobolds
  3 quokkas
  3 ball pythons
  5 bats
  5 rats
65 creatures vanquished.

Vanquished Creatures (others)
  4 dream sheep (D:4)
4 creatures vanquished.

Grand Total: 69 creatures vanquished

Notes
Turn   | Place    | Note
-------+----------+-------------------------------------------
     0 | D:1      | javelincjr the Demonspawn Fighter began the quest for the
                  | Orb.
     0 | D:1      | Reached XP level 1. HP: 18/18 MP: 1/1
   173 | D:1      | Gained mutation: You are partially covered in yellow
                  | scales. (AC +2) [demonic ancestry]
   173 | D:1      | Reached XP level 2. HP: 24/24 MP: 2/2
  1323 | D:2      | Reached XP level 3. HP: 28/29 MP: 3/3
  1418 | D:2      | Found Epoc's Distillery.
  1424 | D:2      | Bought a potion of curing for 33 gold pieces
  1424 | D:2      | Bought a potion of heal wounds for 55 gold pieces
  2288 | D:3      | Gained mutation: You have sharp fingernails. [demonic
                  | ancestry]
  2288 | D:3      | Reached XP level 4. HP: 26/35 MP: 4/4
  2858 | D:4      | Found a staircase to the Ecumenical Temple.
  2869 | Temple   | Entered the Ecumenical Temple
  3117 | D:4      | Noticed a scorpion
  3119 | D:4      | Noticed a scorpion
  3123 | D:4      | Killed a scorpion
  3124 | D:4      | Reached skill level 1 in Dodging
  3124 | D:4      | Gained mutation: You are partially covered in sharp spines.
                  | [demonic ancestry]
  3124 | D:4      | Reached XP level 5. HP: 42/42 MP: 5/5
  3294 | D:4      | Noticed a dream sheep
  3294 | D:4      | Noticed a dream sheep
  3294 | D:4      | Noticed a dream sheep
  3294 | D:4      | Noticed a dream sheep
  3294 | D:4      | Noticed a dream sheep
  3294 | D:4      | Found a shimmering altar of Xom.
  3297 | D:4      | Killed a dream sheep
  3297 | D:4      | Killed a dream sheep
  3298 | D:4      | Killed a dream sheep
  3298 | D:4      | Killed a dream sheep
  3299 | D:4      | Killed a dream sheep
  3441 | D:4      | Reached skill level 1 in Short Blades
  3441 | D:4      | Reached XP level 6. HP: 38/48 MP: 6/6
  3817 | D:5      | Entered Level 5 of the Dungeon
  3888 | D:5      | Noticed an orc warrior
  3904 | D:5      | Slain by an orc

Illustrated notes

Levels and vault maps discovered:
D:1:      dpeg_arrival_brainrot, layout_rooms, serial_bayou,
          serial_bayou_shore_a, serial_bayou_pond_e, serial_bayou_shore_b,
          serial_bayou_shore_b, serial_bayou_shore_b, serial_bayou_ford_a
D:2:      layout_basic, serial_shops, nicolae_shop_rolling_square
D:3:      layout_loops_ring, dreamdust_princess_bridge, minmay_liquid_box
D:4:      cheibrodos_helix_gallery, layout_basic, kb_xom_exploding_sheep,
          minmay_temple_entry_arrows
D:5:      layout_loops_ring
Temple:   nicolae_temple_elliptical

Skill      XL: |  1  2  3  4  5  6 |
---------------+-------------------+-----
Axes           | 2 |  2.8
Armour         | 3 4 |  4.0
Shields        | 3 |  3.4
Dodging        | 1 |  1.5
Fighting       | 4 |  4.4
Short Blades   | 1 |  1.1
Throwing       | |  0.1

Action                     |  1- 3 |  4- 6 || total
---------------------------+-------+-------++-------
  Melee: War axe           |   129 |    31 ||   160
         Dagger            |       |    58 ||    58
  Throw: Dart              |       |     1 ||     1
 Armour: Scale mail        |    61 |    38 ||    99
         Chain mail        |       |     6 ||     6
  Dodge: Dodged            |    50 |    36 ||    86
  Block: Buckler           |    21 |     5 ||    26
         Kite shield       |       |    32 ||    32
